 Dungeon Crawl Stone Soup version 0.31-a0-806-g0bc164a743 (webtiles) character file.

Game seed: 9583596875181761653

94 javelincjr the Ruffian (level 4, 0/33 HPs)
             Began as a Human Shapeshifter on Sept 20, 2023.
             Slain by a sky beast (6 damage)
             ... on level 3 of the Dungeon.
             The game lasted 00:06:48 (2181 turns).

javelincjr the Ruffian (Human Shapeshifter)         Turns: 2181, Time: 00:06:49

Health: 0/33       AC:  9    Str: 22    XL:     4   Next: 94%
Magic:  4/4        EV: 12    Int: 10    God:
Gold:   89         SH:  0    Dex: 13    Spells: 3/3 levels left

rFire   . . .        j - +1 trident (protect)
rCold   . . .        (no shield)
rNeg    . . .        a - +0 animal skin
rPois   .            (helmet currently unavailable)
rElec   .            (cloak currently unavailable)
rCorr   .            (gloves currently unavailable)
SInv    .            (boots currently unavailable)
Will    .....        (no amulet)
Stlth   +            q - +6 ring of strength
HPRegen 0.25/turn    (no ring)
MPRegen 0.09/turn

%: no passive effects
@: beast-form, under a protective aura
A: beast (slay +2)
a: Begin Untransformation


You were on level 3 of the Dungeon.
You were a hulking beast.
You visited 1 branch of the dungeon, and saw 3 of its levels.

You collected 89 gold pieces.

Inventory:

Hand Weapons
 j - a +1 trident of protection (weapon)
Missiles
 e - 28 stones
 h - 2 javelins (quivered)
 s - a throwing net
 u - 3 boomerangs
Armour
 a - a +0 animal skin (worn)
 t - a +0 pair of gloves
Magical Staves
 m - a staff of conjuration
Jewellery
 q - a +6 ring of strength (left hand)
Talismans
 c - a beast talisman (active)
 d - a flux talisman
 o - a blade talisman
Scrolls
 f - 2 scrolls of teleportation {unknown}
 g - a scroll of immolation {unknown}
 l - a scroll of identify {unknown}
 p - a scroll of fear {unknown}
 r - a scroll of vulnerability {unknown}
 v - a scroll of fog {unknown}
Potions
 b - 2 potions of lignification
 i - a potion of attraction {unknown}
 k - a potion of mutation {unknown}
 n - a potion of haste {unknown}


   Skills:
 + Level 2.2 Fighting
 + Level 2.8 Dodging
 + Level 3.7 Unarmed Combat
 + Level 3.5 Shapeshifting


You had 3 spell levels left.
You didn't know any spells.
Your spell library contained the following spells:

 Spells                   Type           Power      Damage    Failure   Level
 Blink                    Tloc           0%         N/A       50%         2
 Lesser Beckoning         Tloc           0%         N/A       50%         2
 Momentum Strike          Conj/Tloc      0%         3d8       50%         2


Dungeon Overview and Level Annotations

Branches:
Dungeon (3/15)

Altars:
Qazlal

Shops:
D:1 [   D:2 :(=


Message History

You see here a bat corpse.
There is an open door here.
There is an open door here.
There is an open door here.
There is an open door here.
Things that are here:
a +0 dagger; a goblin skeleton
There is an open door here.
A sky beast comes into view.
Found a stormy altar of Qazlal.
You reach to attack!
You puncture the sky beast!
Your weapon exudes an aura of protection.
The sky beast is moderately wounded.
You hit the sky beast.
The sky beast is heavily wounded.
The sky beast hits you but does no damage.
You barely miss the sky beast.
The sky beast is heavily wounded.
The sky beast hits you but does no damage.
The sky beast misses you.
You closely miss the sky beast.
The sky beast is heavily wounded.
The sky beast hits you. The sky beast shocks you.
You barely miss the sky beast.
The sky beast is heavily wounded.
The sky beast hits you. The sky beast shocks you.
You are too injured to fight recklessly!
You are too injured to fight recklessly!
You puncture the sky beast!
Your weapon exudes an aura of protection.
The sky beast is almost dead.
The sky beast hits you but does no damage.
You closely miss the sky beast.
The sky beast is almost dead.
The sky beast hits you. The sky beast shocks you.
* * * LOW HITPOINT WARNING * * *
The sky beast hits you.
* * * LOW HITPOINT WARNING * * *
The sky beast shocks you.
You die...

#............
#######
#.##+#...#.#.
......###
#.#.....#...#
#####...#
#.#..#.#.....
###.##
#.#..#...._..
#..###.#..#.#.....
##...#.#..#..#...#
###.#.#..#Y..#.#.
#.#.#..h.......
#.........#####
###....#### #+#..#
...# ....# ......
.......# #.....#..


You could see a sky beast.

Vanquished Creatures
  5 adders
  A worm (D:3)
  3 dart slugs
  4 ball pythons
  4 bats
  2 endoplasms
  2 giant cockroaches
  8 goblins
  3 hobgoblins
  A quokka (D:2)
  A frilled lizard (D:3)
  6 kobolds
  A rat (D:2)
41 creatures vanquished.

Notes
Turn   | Place    | Note
-------+----------+-------------------------------------------
     0 | D:1      | javelincjr the Human Shapeshifter began the quest for the
                  | Orb.
     0 | D:1      | Reached XP level 1. HP: 15/15 MP: 1/1
   351 | D:1      | Reached XP level 2. HP: 21/21 MP: 2/2
   441 | D:1      | Found Hesidiq's Antique Armour Emporium.
   805 | D:2      | Reached XP level 3. HP: 19/26 MP: 3/3
   946 | D:2      | Found Gairyo's Jewellery Boutique.
  1013 | D:2      | Found Gigit's Weapon Emporium.
  1129 | D:2      | Reached XP level 4. HP: 20/33 MP: 4/4
  1399 | D:2      | Found Vimn's Book Shop.
  2172 | D:3      | Found a stormy altar of Qazlal.
  2172 | D:3      | Noticed a sky beast
  2181 | D:3      | Slain by a sky beast

Illustrated notes

Levels and vault maps discovered:
D:1:      sevenhm_arrival_forest_fort_large_2, layout_loops_ring, serial_shops,
          nicolae_shop_dealshenge, minmay_splitting_lines
D:2:      layout_loops_ring, serial_shops, nicolae_shop_gibbet_a_chance,
          nicolae_shop_stone, shop, grunt_decor_mini_mirrors,
          nicolae_elevator_lobby_plus
D:3:      layout_basic, nicolae_qazlal_beasts_of_the_sky

Skill      XL: |  1  2  3  4 |
---------------+-------------+-----
Fighting       | 2 |  2.2
Dodging        | |  2.8
Unarmed Combat | |  3.7
Shapeshifting  | |  3.5

Action                     |  1- 3 |  4- 6 || total
---------------------------+-------+-------++-------
  Melee: Unarmed           |    11 |       ||    11
         Punch             |     1 |       ||     1
         Trident           |    48 |    67 ||   115
  Throw: Javelin           |     1 |       ||     1
 Armour: Animal skin       |    30 |    40 ||    70
  Dodge: Dodged            |    41 |    42 ||    83

Table legend: (Time is in decaauts)
 A = Elapsed time spent in this place.
 B = Non-inter-level travel time spent in this place.
 C = Inter-level travel time spent in this place.
 D = Time resting spent in this place.
 E = Time spent auto-exploring this place.
 F = Levels seen in this place.
 G = Mean time per level.
                   A        B        C        D        E       F      G
               +--------+--------+--------+--------+--------+-----+--------+
         Total |   2214 |   2167 |     47 |     92 |   1699 |   3 |  738.0 |
       Dungeon |   2214 |   2167 |     47 |     92 |   1699 |   3 |  738.0 |
               +--------+--------+--------+--------+--------+-----+--------+

Top non-repeatable levels by time:
     D:2: 921 daAuts
     D:1: 767 daAuts
     D:3: 524 daAuts
